COLUMBUS vs ARIZONA

Created - May 27, 2021 at 11:21

Goals
1 2 3 T
COLUMBUS 4 0 1 5
ARIZONA 1 1 0 2
Shots
1 2 3 T
COLUMBUS 20 12 10 42
ARIZONA 6 10 8 24

1st period

1. COLUMBUS , Jonathan Drouin 12 (Anthony Beauvillier 18, Jacob Trouba 48) at 6:12
2. ARIZONA , Jean-Gabriel Pageau 15 (Conor Sheary 11, Jay Bouwmeester 23) at 9:35
3. COLUMBUS , Paul Stastny 22 (Jon Merrill 25, Anthony Beauvillier 19) at 11:59
4. COLUMBUS , Lars Eller 19 (John Carlson 40, Aleksander Barkov 42) at 16:08
5. COLUMBUS , Steven Stamkos 26 (John Carlson 41, Aleksander Barkov 43) at 16:51

Penalties :
Zack Kassian (ARI) for Diving (Minor) at 6:13, Roman Polak (ARI) for Hooking (Minor) at 12:59, Jacob Trouba (CBJ) for Roughing (Minor) at 16:59, Mattias Ekholm (CBJ) for Hooking (Minor) at 19:36

2nd period

6. ARIZONA , Evgeni Malkin 37 (Gabriel Landeskog 36, Bryan Little 23) at 2:57

Penalties :
Adrian Kempe (ARI) for Hooking (Minor) at 7:10, Erik Cernak (CBJ) for Cross-checking (Minor) at 19:12

3rd period

7. COLUMBUS , Tom Wilson 16 (Claude Giroux 25, Mattias Ekholm 24) at 13:17 (PP)

Penalties :
Nicolas Aube-Kubel (ARI) for Tripping (Minor) at 1:58, Mattias Ekholm (CBJ) for Hooking (Minor) at 6:51, Adrian Kempe (ARI) for High sticking (Minor) at 12:46, Tom Wilson (CBJ) for Slashing (Minor) at 16:45

Goalie Stats

Mikko Koskinen (CBJ), 22 saves from 24 shots - (0.917), W, 23-14-4, 60:00 minutes
Alexandar Georgiev (ARI), 37 saves from 42 shots - (0.881), L, 8-5-0, 60:00 minutes

Players Stats for COLUMBUS

Player Name              G  A  P  +/- PIM S  H  SB GA TA FO     MP     PP MP  PK MP  
------------------------------------------------------------------------------------
Aleksander Barkov        0  2  2   1  0   2  1  2  0  0  16/25  20:44   4:06   4:37 
Anthony Beauvillier      0  2  2   2  0   1  0  0  0  0  0/0    10:50   0:00   0:00 
Ben Chiarot              0  0  0   0  0   2  1  3  0  0  0/0    23:17   4:00   5:50 
Claude Giroux            0  1  1  -1  0   2  0  0  0  0  13/19  16:51   4:21   0:27 
Derek Grant              0  0  0   0  0   1  1  0  0  0  3/6     8:58   0:00   2:14 
Erik Cernak              0  0  0   1  2   0  2  1  0  0  0/0    14:49   0:00   1:45 
Jack Roslovic            0  0  0   0  0   2  0  0  0  0  0/0     6:44   0:00   0:00 
Jacob Trouba             0  1  1   0  2   4  2  1  0  0  0/0    21:40   4:00   4:14 
John Carlson             0  2  2   1  0   2  2  3  0  0  0/0    25:03   4:27   5:30 
Jon Merrill              0  1  1   1  0   1  0  1  0  0  0/0    13:05   0:00   0:00 
Jonathan Drouin          1  0  1   2  0   3  2  1  0  0  1/1    10:50   0:00   0:00 
Kaapo Kakko              0  0  0   0  0   1  1  0  0  0  0/1     6:44   0:00   0:00 
Lars Eller               1  0  1   1  0   5  0  0  0  0  8/16   21:17   4:06   5:10 
Mattias Ekholm           0  1  1   1  4   1  3  0  0  0  0/0    22:02   4:27   2:31 
Paul Stastny             1  0  1   2  0   2  1  0  0  0  1/5    12:53   0:00   2:03 
Steven Stamkos           1  0  1   1  0   6  1  0  0  0  0/0    16:07   4:06   0:00 
T.J. Oshie               0  0  0  -1  0   3  0  0  0  0  0/1    17:07   4:21   0:43 
Tom Wilson               1  0  1  -1  2   4  4  0  0  0  1/3    20:59   4:21   4:36 

Players Stats for ARIZONA

Player Name              G  A  P  +/- PIM S  H  SB GA TA FO     MP     PP MP  PK MP  
------------------------------------------------------------------------------------
Adrian Kempe             0  0  0   0  4   3  0  0  0  0  1/1    17:15   6:39   0:00 
Brad Richardson          0  0  0   0  0   0  0  0  0  0  2/2    10:57   0:00   5:33 
Bryan Little             0  1  1  -1  0   4  0  0  0  0  0/1    17:54   2:33   1:16 
Conor Sheary             0  1  1  -1  0   1  0  0  0  0  1/2    11:42   0:00   0:11 
Evgeni Malkin            1  0  1  -1  0   3  1  0  0  0  7/22   20:46   6:39   0:02 
Gabriel Landeskog        0  1  1  -1  0   2  3  1  0  0  0/0    20:44   6:39   0:00 
Henri Jokiharju          0  0  0   0  0   1  1  0  0  0  0/0    16:54   3:11   1:28 
Jay Bouwmeester          0  1  1  -3  0   0  1  2  0  0  0/0    21:11   3:11   4:34 
Jean-Gabriel Pageau      1  0  1  -1  0   2  2  0  0  0  10/21  17:27   0:43   5:13 
Joel Eriksson Ek         0  0  0  -1  0   0  0  0  0  0  0/1    13:49   0:00   2:18 
Justin Faulk             0  0  0   1  0   1  2  3  0  0  0/0    24:41   5:35   3:09 
Mario Ferraro            0  0  0   0  0   0  0  0  0  0  0/0     0:08   0:00   0:08 
Mikael Backlund          0  0  0   0  0   3  0  0  0  0  9/19   16:15   3:16   2:21 
Nick Holden              0  0  0   0  0   0  0  4  0  0  0/0    16:14   0:00   4:28 
Nick Shore               0  0  0   0  0   0  0  0  0  0  0/0     0:00   0:00   0:00 
Nicolas Aube-Kubel       0  0  0   0  2   2  0  0  0  0  0/1     5:23   0:00   0:00 
Riley Sheahan            0  0  0   0  0   0  0  0  0  0  3/6     5:24   0:00   0:00 
Roman Polak              0  0  0  -3  2   0  3  1  0  0  0/0    17:30   1:09   2:56 
Thomas Chabot            0  0  0   1  0   1  1  4  0  0  0/0    23:21   6:44   0:11 
Zack Kassian             0  0  0   0  2   1  1  0  0  0  1/1    13:53   3:16   0:00 

3 Stars

1 - Jonathan Drouin (CBJ)
2 - John Carlson (CBJ)
3 - Paul Stastny (CBJ)

Power Play

COLUMBUS - 1 on 5 Attempt(s) - 20.00%
ARIZONA - 0 on 5 Attempt(s) - 0.00%

Penalty Kill

COLUMBUS - 5 on 5 Attempt(s) - 100.00% - Score 0 goal in Penalty Kill
ARIZONA - 4 on 5 Attempt(s) - 80.00% - Score 0 goal in Penalty Kill

Team Stat

COLUMBUS - Hits : 21 - Faceoff Wins : 43 - Blocked Shots : 12 - Penalty Minutes : 10
ARIZONA - Hits : 15 - Faceoff Wins : 34 - Blocked Shots : 15 - Penalty Minutes : 10

Official

Referees : Tom Chmielewski and Scott Cockwell
Linesman : Devin Berg and Adam Buckingham

Game Notes

No Game Note

Finance

Level 1 -- Attendance: 5802 (96.70%) -- Ticket Income $504,774
Level 2 -- Attendance: 4643 (92.86%) -- Ticket Income $269,294
Level 3 -- Attendance: 2000 (100.00%) -- Ticket Income $70,000
Level 4 -- Attendance: 4000 (100.00%) -- Ticket Income $80,000
Luxury Box -- Attendance: 800 (80.00%) -- Ticket Income $148,000
Game was played at the Gila River Arena.
Total Attendance: 17245 (95.81%)
Total Ticket Income: $1,072,068
Total Income: $1,072,068

COLUMBUS

5 vs 5 Forward 
   Center                   Left Wing                Right Wing               Time % Phy DF OF 
 1 Claude Giroux            T.J. Oshie               Tom Wilson               37     1   2  2  
 2 Aleksander Barkov        Lars Eller               Steven Stamkos           37     1   2  2  
 3 Paul Stastny             Jonathan Drouin          Anthony Beauvillier      20     1   2  2  
 4 Derek Grant              Kaapo Kakko              Jack Roslovic            6      1   2  2  

5 vs 5 Defense 
   Defense                  Defense                                           Time % Phy DF OF 
 1 John Carlson             Mattias Ekholm                                    35     1   2  2  
 2 Jacob Trouba             Ben Chiarot                                       35     1   2  2  
 3 Erik Cernak              Jon Merrill                                       20     1   2  2  
 4 John Carlson             Mattias Ekholm                                    10     1   2  2  

PowerPlay Forward 
   Center                   Left Wing                Right Wing               Time % Phy DF OF 
 1 Aleksander Barkov        Lars Eller               Steven Stamkos           60     0   1  4  
 2 Claude Giroux            T.J. Oshie               Tom Wilson               40     1   1  3  

PowerPlay Defense
   Defense                  Defense                                           Time % Phy DF OF 
 1 John Carlson             Mattias Ekholm                                    60     1   2  2  
 2 Jacob Trouba             Ben Chiarot                                       40     1   2  2  

Penalty Kill 4 Players Forward 
   Center                   Wing                     Time % Phy DF OF 
 1 Lars Eller               Tom Wilson               60     1   3  1  
 2 Aleksander Barkov        Derek Grant              40     1   3  1  

Penalty Kill 4 Players Defense
   Defense                  Defense                  Time % Phy DF OF 
 1 Mattias Ekholm           John Carlson             60     1   4  0  
 2 Ben Chiarot              Jacob Trouba             40     1   4  0  

Penalty Kill - 3 Players Forward 
   Forward                                           Time % Phy DF OF 
 1 Derek Grant                                       60     1   4  0  
 2 Lars Eller                                        40     1   4  0  

Penalty Kill - 3 Players Defense
   Defense                  Defense                  Time % Phy DF OF 
 1 Mattias Ekholm           John Carlson             60     1   4  0  
 2 Jon Merrill              Erik Cernak              40     1   4  0  

4 vs 4 Forward 
   Center                   Wing                     Time % Phy DF OF 
 1 Aleksander Barkov        Steven Stamkos           60     1   2  2  
 2 Claude Giroux            T.J. Oshie               40     1   2  2  

4 vs 4 Defense
   Defense                  Defense                  Time % Phy DF OF 
 1 John Carlson             Mattias Ekholm           60     1   2  2  
 2 Erik Cernak              Jon Merrill              40     1   2  2  

Last Minutes Offensive
   Center                   Left Wing                Right Wing               Defense                  Defense                  
   Aleksander Barkov        Claude Giroux            Steven Stamkos           John Carlson             Mattias Ekholm           

Last Minutes Defensive
   Center                   Left Wing                Right Wing               Defense                  Defense                  
   Aleksander Barkov        Claude Giroux            Steven Stamkos           John Carlson             Mattias Ekholm           

Goaltenders
Starting : Mikko Koskinen           
Backup : David Rittich            

Extra Forwards
Normal : Aleksander Barkov, Steven Stamkos, Claude Giroux - PP : Aleksander Barkov, Steven Stamkos - PK : Aleksander Barkov
Extra Defensemen
Normal : Mattias Ekholm, John Carlson, Jacob Trouba - PP : Mattias Ekholm - PK : Ben Chiarot, John Carlson
Penalty Shots
Aleksander Barkov, Steven Stamkos, Claude Giroux, Lars Eller, Tom Wilson

Scratches
Sean Kuraly (Healthy), Carl Gunnarsson (Healthy), CBJ Cap Hit (Suspend)

ARIZONA

5 vs 5 Forward 
   Center                   Left Wing                Right Wing               Time % Phy DF OF 
 1 Evgeni Malkin            Bryan Little             Gabriel Landeskog        40     1   2  2  
 2 Mikael Backlund          Adrian Kempe             Zack Kassian             30     1   2  2  
 3 Jean-Gabriel Pageau      Joel Eriksson Ek         Conor Sheary             25     1   2  2  
 4 Riley Sheahan            Brad Richardson          Nicolas Aube-Kubel       5      1   2  2  

5 vs 5 Defense 
   Defense                  Defense                                           Time % Phy DF OF 
 1 Justin Faulk             Thomas Chabot                                     35     1   2  2  
 2 Jay Bouwmeester          Roman Polak                                       30     1   2  2  
 3 Henri Jokiharju          Nick Holden                                       25     1   2  2  
 4 Justin Faulk             Thomas Chabot                                     10     1   2  2  

PowerPlay Forward 
   Center                   Left Wing                Right Wing               Time % Phy DF OF 
 1 Evgeni Malkin            Gabriel Landeskog        Adrian Kempe             60     1   2  2  
 2 Mikael Backlund          Bryan Little             Zack Kassian             40     1   2  2  

PowerPlay Defense
   Defense                  Defense                                           Time % Phy DF OF 
 1 Justin Faulk             Thomas Chabot                                     60     1   2  2  
 2 Jay Bouwmeester          Henri Jokiharju                                   40     1   2  2  

Penalty Kill 4 Players Forward 
   Center                   Wing                     Time % Phy DF OF 
 1 Jean-Gabriel Pageau      Brad Richardson          60     1   2  2  
 2 Mikael Backlund          Joel Eriksson Ek         40     1   2  2  

Penalty Kill 4 Players Defense
   Defense                  Defense                  Time % Phy DF OF 
 1 Justin Faulk             Jay Bouwmeester          60     1   2  2  
 2 Nick Holden              Roman Polak              40     1   2  2  

Penalty Kill - 3 Players Forward 
   Forward                                           Time % Phy DF OF 
 1 Jean-Gabriel Pageau                               60     1   2  2  
 2 Riley Sheahan                                     40     1   2  2  

Penalty Kill - 3 Players Defense
   Defense                  Defense                  Time % Phy DF OF 
 1 Justin Faulk             Roman Polak              60     1   2  2  
 2 Jay Bouwmeester          Nick Holden              40     1   2  2  

4 vs 4 Forward 
   Center                   Wing                     Time % Phy DF OF 
 1 Evgeni Malkin            Gabriel Landeskog        60     1   2  2  
 2 Mikael Backlund          Jean-Gabriel Pageau      40     1   2  2  

4 vs 4 Defense
   Defense                  Defense                  Time % Phy DF OF 
 1 Justin Faulk             Thomas Chabot            60     1   2  2  
 2 Jay Bouwmeester          Roman Polak              40     1   2  2  

Last Minutes Offensive
   Center                   Left Wing                Right Wing               Defense                  Defense                  
   Evgeni Malkin            Gabriel Landeskog        Adrian Kempe             Justin Faulk             Thomas Chabot            

Last Minutes Defensive
   Center                   Left Wing                Right Wing               Defense                  Defense                  
   Jean-Gabriel Pageau      Brad Richardson          Gabriel Landeskog        Justin Faulk             Jay Bouwmeester          

Goaltenders
Starting : Alexandar Georgiev       
Backup : Corey Crawford           

Extra Forwards
Normal : Zack Kassian, Joel Eriksson Ek, Brad Richardson - PP : Jean-Gabriel Pageau, Conor Sheary - PK : Brad Richardson
Extra Defensemen
Normal : Roman Polak, Nick Holden, Henri Jokiharju - PP : Henri Jokiharju - PK : Roman Polak, Nick Holden
Penalty Shots
Evgeni Malkin, Gabriel Landeskog, Mikael Backlund, Jean-Gabriel Pageau, Bryan Little

Scratches
ARI Cap Hit (Suspend), Jacob Larsson (Healthy)

% Time on Ice - COLUMBUS

Lines # - Real PCT - Wanted PCT - Time Play
Normal Forward
1 - 29% - 37% - 12:03
2 - 29% - 37% - 12:01
3 - 26% - 20% - 10:50
4 - 16% - 6% - 6:44
Normal Defense
1 - 33% - 35% - 13:51
2 - 32% - 35% - 13:27
3 - 31% - 20% - 13:05
4 - 3% - 10% - 1:15
PP Forward
1 - 49% - 60% - 4:06
2 - 51% - 40% - 4:21
PP Defense
1 - 53% - 60% - 4:27
2 - 47% - 40% - 4:00
PK Forward
1 - 77% - 60% - 7:41
2 - 23% - 40% - 2:14
PK Defense
1 - 52% - 60% - 5:11
2 - 48% - 40% - 4:44
PK3 Forward
1 - 0% - 60%
2 - 0% - 40%
PK3 Defense
1 - 0% - 60%
2 - 0% - 40%
44 Forward
1 - 0% - 60%
2 - 0% - 40%
44 Defense
1 - 0% - 60%
2 - 0% - 40%
Last Minute Offensive  - 0:00
Last Minute Defensive  - 0:00
Total
Forward - 60:00
Defense - 60:00

% Time on Ice - ARIZONA

Lines # - Real PCT - Wanted PCT - Time Play
Normal Forward
1 - 34% - 40% - 14:05
2 - 26% - 30% - 10:38
3 - 28% - 25% - 11:31
4 - 13% - 5% - 5:24
Normal Defense
1 - 36% - 35% - 14:50
2 - 32% - 30% - 13:26
3 - 28% - 25% - 11:46
4 - 4% - 10% - 1:36
PP Forward
1 - 67% - 60% - 6:39
2 - 33% - 40% - 3:16
PP Defense
1 - 68% - 60% - 6:44
2 - 32% - 40% - 3:11
PK Forward
1 - 73% - 60% - 6:09
2 - 27% - 40% - 2:18
PK Defense
1 - 46% - 60% - 3:51
2 - 54% - 40% - 4:36
PK3 Forward
1 - 0% - 60%
2 - 0% - 40%
PK3 Defense
1 - 0% - 60%
2 - 0% - 40%
44 Forward
1 - 0% - 60%
2 - 0% - 40%
44 Defense
1 - 0% - 60%
2 - 0% - 40%
Last Minute Offensive  - 0:00
Last Minute Defensive  - 0:00
Total
Forward - 60:00
Defense - 60:00

Play-by-Play

1st period


0:01 of 1st period - Claude Giroux wins face-off versus Evgeni Malkin in neutral zone.
1:06 of 1st period - Shot by Aleksander Barkov.
1:06 of 1st period - Stopped by Alexandar Georgiev without a rebound.
1:07 of 1st period - Paul Stastny wins face-off versus Jean-Gabriel Pageau in ARIZONA zone.
1:18 of 1st period - Erik Cernak is hit by Jean-Gabriel Pageau and loses puck.
1:33 of 1st period - Shot by Anthony Beauvillier.
1:33 of 1st period - Shot Misses the Net.
2:00 of 1st period - Jay Bouwmeester is hit by Erik Cernak and loses puck.
3:06 of 1st period - Shot by Gabriel Landeskog.
3:06 of 1st period - Stopped by Mikko Koskinen with a rebound.
3:26 of 1st period - Shot by Evgeni Malkin.
3:26 of 1st period - Stopped by Mikko Koskinen without a rebound.
3:27 of 1st period - Claude Giroux wins face-off versus Nicolas Aube-Kubel in COLUMBUS zone.
3:38 of 1st period - Shot by Claude Giroux.
3:38 of 1st period - Shot Misses the Net.
4:41 of 1st period - Icing by Erik Cernak.
4:42 of 1st period - Jean-Gabriel Pageau wins face-off versus Derek Grant in COLUMBUS zone.
5:05 of 1st period - Shot by Jean-Gabriel Pageau.
5:05 of 1st period - Shot Blocked by Jon Merrill.
5:23 of 1st period - Shot by Jean-Gabriel Pageau.
5:23 of 1st period - Shot Misses the Net.
6:12 of 1st period - Shot by Jonathan Drouin.
6:12 of 1st period - Goal by Jonathan Drouin - COLUMBUS : 1 - ARIZONA : 0.
6:13 of 1st period - Aleksander Barkov wins face-off versus Mikael Backlund in neutral zone.
6:13 of 1st period - Minor Penalty to Zack Kassian for Diving.
6:14 of 1st period - Aleksander Barkov wins face-off versus Jean-Gabriel Pageau in ARIZONA zone.
7:22 of 1st period - Shot by Tom Wilson.
7:22 of 1st period - Shot Misses the Net.
8:39 of 1st period - Shot by Jonathan Drouin.
8:39 of 1st period - Shot Misses the Net.
8:41 of 1st period - Shot by Jon Merrill.
8:41 of 1st period - Stopped by Alexandar Georgiev without a rebound.
8:42 of 1st period - Derek Grant wins face-off versus Mikael Backlund in ARIZONA zone.
9:11 of 1st period - Shot by Kaapo Kakko.
9:11 of 1st period - Shot Misses the Net.
9:15 of 1st period - Shot by Derek Grant.
9:15 of 1st period - Stopped by Alexandar Georgiev without a rebound.
9:16 of 1st period - Jean-Gabriel Pageau wins face-off versus Aleksander Barkov in ARIZONA zone.
9:33 of 1st period - Shot by Conor Sheary.
9:33 of 1st period - Deflect By Jean-Gabriel Pageau.
9:33 of 1st period - Shot Misses the Net.
9:35 of 1st period - Shot by Jean-Gabriel Pageau.
9:35 of 1st period - Goal by Jean-Gabriel Pageau - COLUMBUS : 1 - ARIZONA : 1.
9:36 of 1st period - Claude Giroux wins face-off versus Bryan Little in neutral zone.
9:36 of 1st period - Tom Wilson is hit by Gabriel Landeskog and loses puck.
9:41 of 1st period - Shot by Jon Merrill.
9:41 of 1st period - Shot Blocked by Nick Holden.
9:43 of 1st period - Shot by T.J. Oshie.
9:43 of 1st period - Stopped by Alexandar Georgiev without a rebound.
9:44 of 1st period - Claude Giroux wins face-off versus Evgeni Malkin in ARIZONA zone.
9:53 of 1st period - Shot by Gabriel Landeskog.
9:53 of 1st period - Shot Misses the Net.
9:55 of 1st period - Shot by Roman Polak.
9:55 of 1st period - Shot Misses the Net.
9:57 of 1st period - Shot by Gabriel Landeskog.
9:57 of 1st period - Stopped by Mikko Koskinen without a rebound.
9:58 of 1st period - Mikael Backlund wins face-off versus Aleksander Barkov in COLUMBUS zone.
9:59 of 1st period - Shot by Adrian Kempe.
9:59 of 1st period - Stopped by Mikko Koskinen without a rebound.
10:00 of 1st period - Zack Kassian wins face-off versus Aleksander Barkov in COLUMBUS zone.
10:00 of 1st period - Zack Kassian is hit by Mattias Ekholm.
10:25 of 1st period - Shot by Adrian Kempe.
10:25 of 1st period - Shot Misses the Net.
10:56 of 1st period - Shot by T.J. Oshie.
10:56 of 1st period - Shot Misses the Net.
10:58 of 1st period - Shot by Tom Wilson.
10:58 of 1st period - Shot Blocked by Thomas Chabot.
11:31 of 1st period - Icing by Jacob Trouba.
11:32 of 1st period - Claude Giroux wins face-off versus Evgeni Malkin in COLUMBUS zone.
11:59 of 1st period - Shot by Paul Stastny.
11:59 of 1st period - Goal by Paul Stastny - COLUMBUS : 2 - ARIZONA : 1.
12:00 of 1st period - Jean-Gabriel Pageau wins face-off versus Aleksander Barkov in neutral zone.
12:11 of 1st period - Shot by Lars Eller.
12:11 of 1st period - Stopped by Alexandar Georgiev without a rebound.
12:12 of 1st period - Jonathan Drouin wins face-off versus Riley Sheahan in ARIZONA zone.
12:44 of 1st period - Shot by Mattias Ekholm.
12:44 of 1st period - Shot Blocked by Nick Holden.
12:46 of 1st period - Shot by Jonathan Drouin.
12:46 of 1st period - Stopped by Alexandar Georgiev without a rebound.
12:47 of 1st period - Aleksander Barkov wins face-off versus Evgeni Malkin in ARIZONA zone.
12:48 of 1st period - Shot by Steven Stamkos.
12:48 of 1st period - Shot Misses the Net.
12:50 of 1st period - Shot by Ben Chiarot.
12:50 of 1st period - Deflect By Steven Stamkos.
12:50 of 1st period - Stopped by Alexandar Georgiev with a rebound.
12:54 of 1st period - Shot by Aleksander Barkov.
12:54 of 1st period - Shot Blocked by Jay Bouwmeester.
12:59 of 1st period - Minor Penalty to Roman Polak for Hooking.
13:00 of 1st period - Jean-Gabriel Pageau wins face-off versus Claude Giroux in ARIZONA zone.
13:12 of 1st period - Shot by Jean-Gabriel Pageau.
13:12 of 1st period - Shot Blocked by Jacob Trouba.
13:36 of 1st period - Shot by Jacob Trouba.
13:36 of 1st period - Shot Misses the Net.
13:38 of 1st period - Shot by Ben Chiarot.
13:38 of 1st period - Stopped by Alexandar Georgiev without a rebound.
13:39 of 1st period - Aleksander Barkov wins face-off versus Jean-Gabriel Pageau in ARIZONA zone.
13:48 of 1st period - Shot by John Carlson.
13:48 of 1st period - Stopped by Alexandar Georgiev with a rebound.
13:50 of 1st period - Shot by Mattias Ekholm.
13:50 of 1st period - Shot Misses the Net.
13:52 of 1st period - Shot by Mattias Ekholm.
13:52 of 1st period - Shot Misses the Net.
13:54 of 1st period - Shot by Steven Stamkos.
13:54 of 1st period - Stopped by Alexandar Georgiev with a rebound.
14:10 of 1st period - Shot by Steven Stamkos.
14:10 of 1st period - Stopped by Alexandar Georgiev without a rebound.
14:11 of 1st period - Claude Giroux wins face-off versus Mikael Backlund in ARIZONA zone.
14:12 of 1st period - Shot by Ben Chiarot.
14:12 of 1st period - Shot Misses the Net.
14:28 of 1st period - Shot by Ben Chiarot.
14:28 of 1st period - Shot Misses the Net.
14:30 of 1st period - Shot by Jacob Trouba.
14:30 of 1st period - Stopped by Alexandar Georgiev with a rebound.
14:32 of 1st period - Shot by Jacob Trouba.
14:32 of 1st period - Stopped by Alexandar Georgiev without a rebound.
14:33 of 1st period - Aleksander Barkov wins face-off versus Jean-Gabriel Pageau in ARIZONA zone.
15:07 of 1st period - Shot by Paul Stastny.
15:07 of 1st period - Stopped by Alexandar Georgiev with a rebound.
15:09 of 1st period - Shot by Anthony Beauvillier.
15:09 of 1st period - Shot Misses the Net.
15:11 of 1st period - Shot by Jon Merrill.
15:11 of 1st period - Shot Blocked by Gabriel Landeskog.
15:37 of 1st period - Shot by Anthony Beauvillier.
15:37 of 1st period - Shot Blocked by Justin Faulk.
16:01 of 1st period - Shot by T.J. Oshie.
16:01 of 1st period - Stopped by Alexandar Georgiev without a rebound.
16:02 of 1st period - Aleksander Barkov wins face-off versus Conor Sheary in ARIZONA zone.
16:02 of 1st period - Aleksander Barkov is hit by Roman Polak.
16:06 of 1st period - Shot by Lars Eller.
16:06 of 1st period - Shot Misses the Net.
16:08 of 1st period - Shot by Lars Eller.
16:08 of 1st period - Goal by Lars Eller - COLUMBUS : 3 - ARIZONA : 1.
16:09 of 1st period - Aleksander Barkov wins face-off versus Jean-Gabriel Pageau in neutral zone.
16:51 of 1st period - Shot by Steven Stamkos.
16:51 of 1st period - Goal by Steven Stamkos - COLUMBUS : 4 - ARIZONA : 1.
16:52 of 1st period - Mikael Backlund wins face-off versus Claude Giroux in neutral zone.
16:52 of 1st period - Mikael Backlund is hit by Tom Wilson.
16:59 of 1st period - Minor Penalty to Jacob Trouba for Roughing.
17:00 of 1st period - Lars Eller wins face-off versus Evgeni Malkin in COLUMBUS zone.
17:40 of 1st period - Shot by Thomas Chabot.
17:40 of 1st period - Shot Blocked by John Carlson.
17:42 of 1st period - Shot by Justin Faulk.
17:42 of 1st period - Stopped by Mikko Koskinen with a rebound.
18:46 of 1st period - Shot by Adrian Kempe.
18:46 of 1st period - Shot Misses the Net.
19:03 of 1st period - Icing by John Carlson.
19:04 of 1st period - Derek Grant wins face-off versus Jean-Gabriel Pageau in COLUMBUS zone.
19:04 of 1st period - Derek Grant is hit by Jean-Gabriel Pageau.
19:14 of 1st period - Shot by Jack Roslovic.
19:14 of 1st period - Deflect By Kaapo Kakko.
19:14 of 1st period - Stopped by Alexandar Georgiev without a rebound.
19:15 of 1st period - Brad Richardson wins face-off versus T.J. Oshie in ARIZONA zone.
19:15 of 1st period - Nick Holden is hit by Tom Wilson and loses puck.
19:21 of 1st period - Icing by Nicolas Aube-Kubel.
19:22 of 1st period - Riley Sheahan wins face-off versus Tom Wilson in ARIZONA zone.
19:27 of 1st period - Shot by Nicolas Aube-Kubel.
19:27 of 1st period - Shot Blocked by John Carlson.
19:36 of 1st period - Minor Penalty to Mattias Ekholm for Hooking.
19:37 of 1st period - Evgeni Malkin wins face-off versus Lars Eller in COLUMBUS zone.
Goals for this period are 4 for COLUMBUS vs 1 for ARIZONA.
Shots for this period are 20 for COLUMBUS vs 6 for ARIZONA.

2nd period


0:01 of 2nd period - Evgeni Malkin wins face-off versus Lars Eller in neutral zone.
0:06 of 2nd period - Shot by Adrian Kempe.
0:06 of 2nd period - Stopped by Mikko Koskinen without a rebound.
0:07 of 2nd period - Lars Eller wins face-off versus Evgeni Malkin in COLUMBUS zone.
0:48 of 2nd period - Icing by Evgeni Malkin.
0:49 of 2nd period - Evgeni Malkin wins face-off versus Aleksander Barkov in ARIZONA zone.
1:28 of 2nd period - Shot by Mikael Backlund.
1:28 of 2nd period - Stopped by Mikko Koskinen without a rebound.
1:29 of 2nd period - Mikael Backlund wins face-off versus Lars Eller in COLUMBUS zone.
1:30 of 2nd period - Shot by Henri Jokiharju.
1:30 of 2nd period - Stopped by Mikko Koskinen without a rebound.
1:31 of 2nd period - Mikael Backlund wins face-off versus Lars Eller in COLUMBUS zone.
2:26 of 2nd period - Shot by Aleksander Barkov.
2:26 of 2nd period - Deflect By Steven Stamkos.
2:26 of 2nd period - Stopped by Alexandar Georgiev without a rebound.
2:27 of 2nd period - Evgeni Malkin wins face-off versus Claude Giroux in ARIZONA zone.
2:41 of 2nd period - Shot by Gabriel Landeskog.
2:41 of 2nd period - Shot Misses the Net.
2:57 of 2nd period - Shot by Evgeni Malkin.
2:57 of 2nd period - Goal by Evgeni Malkin - COLUMBUS : 4 - ARIZONA : 2.
2:58 of 2nd period - Aleksander Barkov wins face-off versus Mikael Backlund in neutral zone.
3:15 of 2nd period - Shot by Aleksander Barkov.
3:15 of 2nd period - Shot Misses the Net.
3:26 of 2nd period - Zack Kassian is hit by Jacob Trouba.
3:34 of 2nd period - Shot by Mikael Backlund.
3:34 of 2nd period - Shot Misses the Net.
3:39 of 2nd period - Icing by Jacob Trouba.
3:40 of 2nd period - Aleksander Barkov wins face-off versus Evgeni Malkin in COLUMBUS zone.
3:40 of 2nd period - Aleksander Barkov is hit by Gabriel Landeskog.
3:56 of 2nd period - Shot by Bryan Little.
3:56 of 2nd period - Shot Blocked by Aleksander Barkov.
3:58 of 2nd period - Shot by Evgeni Malkin.
3:58 of 2nd period - Shot Blocked by Aleksander Barkov.
4:32 of 2nd period - Shot by Claude Giroux.
4:32 of 2nd period - Shot Blocked by Justin Faulk.
4:38 of 2nd period - Shot by T.J. Oshie.
4:38 of 2nd period - Shot Misses the Net.
4:40 of 2nd period - Shot by T.J. Oshie.
4:40 of 2nd period - Shot Misses the Net.
4:50 of 2nd period - Shot by Tom Wilson.
4:50 of 2nd period - Stopped by Alexandar Georgiev with a rebound.
5:23 of 2nd period - Paul Stastny is hit by Gabriel Landeskog and loses puck.
6:23 of 2nd period - Mattias Ekholm is hit by Jay Bouwmeester and loses puck.
6:56 of 2nd period - Jay Bouwmeester is hit by Tom Wilson and loses puck.
7:10 of 2nd period - Minor Penalty to Adrian Kempe for Hooking.
7:11 of 2nd period - Aleksander Barkov wins face-off versus Jean-Gabriel Pageau in ARIZONA zone.
7:14 of 2nd period - Shot by Jacob Trouba.
7:14 of 2nd period - Shot Blocked by Nick Holden.
7:16 of 2nd period - Shot by Ben Chiarot.
7:16 of 2nd period - Stopped by Alexandar Georgiev without a rebound.
7:17 of 2nd period - Jean-Gabriel Pageau wins face-off versus Aleksander Barkov in ARIZONA zone.
8:12 of 2nd period - Shot by T.J. Oshie.
8:12 of 2nd period - Stopped by Alexandar Georgiev without a rebound.
8:13 of 2nd period - Claude Giroux wins face-off versus Mikael Backlund in ARIZONA zone.
8:53 of 2nd period - Icing by John Carlson.
8:54 of 2nd period - Claude Giroux wins face-off versus Jean-Gabriel Pageau in COLUMBUS zone.
9:33 of 2nd period - Shot by Adrian Kempe.
9:33 of 2nd period - Stopped by Mikko Koskinen without a rebound.
9:34 of 2nd period - Aleksander Barkov wins face-off versus Jean-Gabriel Pageau in COLUMBUS zone.
9:47 of 2nd period - Shot by Lars Eller.
9:47 of 2nd period - Stopped by Alexandar Georgiev without a rebound.
9:48 of 2nd period - Mikael Backlund wins face-off versus Derek Grant in ARIZONA zone.
10:02 of 2nd period - Shot by Jack Roslovic.
10:02 of 2nd period - Stopped by Alexandar Georgiev without a rebound.
10:03 of 2nd period - Aleksander Barkov wins face-off versus Evgeni Malkin in ARIZONA zone.
10:10 of 2nd period - Shot by Aleksander Barkov.
10:10 of 2nd period - Shot Misses the Net.
10:12 of 2nd period - Shot by Aleksander Barkov.
10:12 of 2nd period - Stopped by Alexandar Georgiev without a rebound.
10:13 of 2nd period - Claude Giroux wins face-off versus Evgeni Malkin in ARIZONA zone.
12:11 of 2nd period - Shot by Mikael Backlund.
12:11 of 2nd period - Stopped by Mikko Koskinen with a rebound.
12:34 of 2nd period - Shot by Anthony Beauvillier.
12:34 of 2nd period - Stopped by Alexandar Georgiev without a rebound.
12:35 of 2nd period - Riley Sheahan wins face-off versus Paul Stastny in ARIZONA zone.
12:35 of 2nd period - Nicolas Aube-Kubel is hit by Jonathan Drouin and loses puck.
12:44 of 2nd period - Shot by Jonathan Drouin.
12:44 of 2nd period - Stopped by Alexandar Georgiev without a rebound.
12:45 of 2nd period - Riley Sheahan wins face-off versus Kaapo Kakko in ARIZONA zone.
12:45 of 2nd period - Riley Sheahan is hit by Kaapo Kakko.
13:42 of 2nd period - John Carlson is hit by Henri Jokiharju.
13:56 of 2nd period - Shot by Claude Giroux.
13:56 of 2nd period - Stopped by Alexandar Georgiev without a rebound.
13:57 of 2nd period - Claude Giroux wins face-off versus Evgeni Malkin in ARIZONA zone.
14:01 of 2nd period - T.J. Oshie is hit by Justin Faulk and loses puck.
14:07 of 2nd period - Gabriel Landeskog is hit by Jacob Trouba and loses puck.
14:15 of 2nd period - Evgeni Malkin is hit by Ben Chiarot and loses puck.
14:22 of 2nd period - Shot by Evgeni Malkin.
14:22 of 2nd period - Stopped by Mikko Koskinen with a rebound.
14:24 of 2nd period - Shot by Evgeni Malkin.
14:24 of 2nd period - Shot Blocked by Ben Chiarot.
14:26 of 2nd period - Shot by Bryan Little.
14:26 of 2nd period - Shot Misses the Net.
14:30 of 2nd period - Shot by Bryan Little.
14:30 of 2nd period - Stopped by Mikko Koskinen without a rebound.
14:31 of 2nd period - Aleksander Barkov wins face-off versus Joel Eriksson Ek in COLUMBUS zone.
15:32 of 2nd period - John Carlson is hit by Roman Polak and loses puck.
17:07 of 2nd period - Off-side.
17:08 of 2nd period - Aleksander Barkov wins face-off versus Riley Sheahan in neutral zone.
17:32 of 2nd period - Shot by Riley Sheahan.
17:32 of 2nd period - Shot Blocked by Erik Cernak.
17:34 of 2nd period - Shot by Jay Bouwmeester.
17:34 of 2nd period - Shot Misses the Net.
17:36 of 2nd period - Shot by Riley Sheahan.
17:36 of 2nd period - Deflect By Brad Richardson.
17:36 of 2nd period - Shot Misses the Net.
17:38 of 2nd period - Shot by Nicolas Aube-Kubel.
17:38 of 2nd period - Stopped by Mikko Koskinen without a rebound.
17:39 of 2nd period - Derek Grant wins face-off versus Mikael Backlund in COLUMBUS zone.
17:50 of 2nd period - Shot by Jack Roslovic.
17:50 of 2nd period - Stopped by Alexandar Georgiev without a rebound.
17:51 of 2nd period - Conor Sheary wins face-off versus Claude Giroux in ARIZONA zone.
18:02 of 2nd period - Shot by Jean-Gabriel Pageau.
18:02 of 2nd period - Shot Misses the Net.
18:47 of 2nd period - Shot by Evgeni Malkin.
18:47 of 2nd period - Shot Misses the Net.
18:49 of 2nd period - Shot by Bryan Little.
18:49 of 2nd period - Stopped by Mikko Koskinen without a rebound.
18:50 of 2nd period - Aleksander Barkov wins face-off versus Mikael Backlund in COLUMBUS zone.
18:50 of 2nd period - John Carlson is hit by Zack Kassian and loses puck.
18:59 of 2nd period - Shot by Aleksander Barkov.
18:59 of 2nd period - Shot Misses the Net.
19:01 of 2nd period - Shot by Lars Eller.
19:01 of 2nd period - Shot Misses the Net.
19:03 of 2nd period - Shot by Steven Stamkos.
19:03 of 2nd period - Shot Blocked by Nick Holden.
19:05 of 2nd period - Shot by Mattias Ekholm.
19:05 of 2nd period - Stopped by Alexandar Georgiev without a rebound.
19:06 of 2nd period - Evgeni Malkin wins face-off versus Paul Stastny in ARIZONA zone.
19:06 of 2nd period - Evgeni Malkin is hit by Paul Stastny.
19:11 of 2nd period - Gabriel Landeskog is hit by Erik Cernak and loses puck.
19:12 of 2nd period - Minor Penalty to Erik Cernak for Cross-checking.
19:13 of 2nd period - Adrian Kempe wins face-off versus Lars Eller in COLUMBUS zone.
19:36 of 2nd period - Icing by Evgeni Malkin.
19:37 of 2nd period - Lars Eller wins face-off versus Evgeni Malkin in ARIZONA zone.
Goals for this period are 0 for COLUMBUS vs 1 for ARIZONA.
Shots for this period are 12 for COLUMBUS vs 10 for ARIZONA.

3rd period


0:01 of 3rd period - Lars Eller wins face-off versus Evgeni Malkin in neutral zone.
1:04 of 3rd period - Shot by Bryan Little.
1:04 of 3rd period - Deflect By Zack Kassian.
1:04 of 3rd period - Shot Blocked by Ben Chiarot.
1:06 of 3rd period - Shot by Mikael Backlund.
1:06 of 3rd period - Shot Blocked by Ben Chiarot.
1:08 of 3rd period - Shot by Bryan Little.
1:08 of 3rd period - Stopped by Mikko Koskinen without a rebound.
1:09 of 3rd period - Mikael Backlund wins face-off versus Lars Eller in COLUMBUS zone.
1:09 of 3rd period - Mikael Backlund is hit by Mattias Ekholm.
1:13 of 3rd period - Shot by Bryan Little.
1:13 of 3rd period - Deflect By Jean-Gabriel Pageau.
1:13 of 3rd period - Stopped by Mikko Koskinen with a rebound.
1:47 of 3rd period - Shot by Joel Eriksson Ek.
1:47 of 3rd period - Shot Misses the Net.
1:49 of 3rd period - Shot by Jean-Gabriel Pageau.
1:49 of 3rd period - Shot Blocked by Jonathan Drouin.
1:58 of 3rd period - Minor Penalty to Nicolas Aube-Kubel for Tripping.
1:59 of 3rd period - Brad Richardson wins face-off versus Aleksander Barkov in ARIZONA zone.
2:14 of 3rd period - Shot by John Carlson.
2:14 of 3rd period - Shot Blocked by Justin Faulk.
2:16 of 3rd period - Shot by John Carlson.
2:16 of 3rd period - Stopped by Alexandar Georgiev without a rebound.
2:17 of 3rd period - Jean-Gabriel Pageau wins face-off versus Claude Giroux in ARIZONA zone.
2:30 of 3rd period - Shot by T.J. Oshie.
2:30 of 3rd period - Shot Blocked by Roman Polak.
2:32 of 3rd period - Shot by Jacob Trouba.
2:32 of 3rd period - Stopped by Alexandar Georgiev without a rebound.
2:33 of 3rd period - Jean-Gabriel Pageau wins face-off versus Aleksander Barkov in ARIZONA zone.
4:43 of 3rd period - Anthony Beauvillier is hit by Justin Faulk and loses puck.
5:54 of 3rd period - Shot by Aleksander Barkov.
5:54 of 3rd period - Shot Blocked by Thomas Chabot.
5:56 of 3rd period - Shot by Jacob Trouba.
5:56 of 3rd period - Shot Blocked by Thomas Chabot.
6:06 of 3rd period - Justin Faulk is hit by Steven Stamkos and loses puck.
6:13 of 3rd period - Shot by Lars Eller.
6:13 of 3rd period - Shot Misses the Net.
6:15 of 3rd period - Shot by Lars Eller.
6:15 of 3rd period - Stopped by Alexandar Georgiev without a rebound.
6:16 of 3rd period - Claude Giroux wins face-off versus Jean-Gabriel Pageau in ARIZONA zone.
6:39 of 3rd period - Shot by Tom Wilson.
6:39 of 3rd period - Stopped by Alexandar Georgiev without a rebound.
6:40 of 3rd period - Mikael Backlund wins face-off versus Paul Stastny in ARIZONA zone.
6:42 of 3rd period - Adrian Kempe is hit by Jonathan Drouin and loses puck.
6:51 of 3rd period - Minor Penalty to Mattias Ekholm for Hooking.
6:52 of 3rd period - Mikael Backlund wins face-off versus Lars Eller in COLUMBUS zone.
7:02 of 3rd period - Shot by Mikael Backlund.
7:02 of 3rd period - Stopped by Mikko Koskinen with a rebound.
7:04 of 3rd period - Shot by Jay Bouwmeester.
7:04 of 3rd period - Shot Hit the Post.
7:44 of 3rd period - Thomas Chabot is hit by Aleksander Barkov and loses puck.
8:00 of 3rd period - Shot by Aleksander Barkov.
8:00 of 3rd period - Shot Misses the Net.
8:02 of 3rd period - Shot by Ben Chiarot.
8:02 of 3rd period - Shot Misses the Net.
9:01 of 3rd period - Shot by Nicolas Aube-Kubel.
9:01 of 3rd period - Stopped by Mikko Koskinen without a rebound.
9:02 of 3rd period - Jean-Gabriel Pageau wins face-off versus Derek Grant in COLUMBUS zone.
9:31 of 3rd period - Shot by Joel Eriksson Ek.
9:31 of 3rd period - Shot Blocked by John Carlson.
10:38 of 3rd period - Shot by Lars Eller.
10:38 of 3rd period - Stopped by Alexandar Georgiev without a rebound.
10:39 of 3rd period - Claude Giroux wins face-off versus Riley Sheahan in ARIZONA zone.
10:41 of 3rd period - Tom Wilson is hit by Roman Polak and loses puck.
10:54 of 3rd period - Shot by Claude Giroux.
10:54 of 3rd period - Shot Blocked by Jay Bouwmeester.
11:16 of 3rd period - Shot by Tom Wilson.
11:16 of 3rd period - Stopped by Alexandar Georgiev with a rebound.
11:18 of 3rd period - Shot by Erik Cernak.
11:18 of 3rd period - Deflect By Claude Giroux.
11:18 of 3rd period - Stopped by Alexandar Georgiev with a rebound.
11:27 of 3rd period - Jay Bouwmeester is hit by Mattias Ekholm.
11:34 of 3rd period - Icing by Steven Stamkos.
11:35 of 3rd period - Lars Eller wins face-off versus Mikael Backlund in COLUMBUS zone.
11:37 of 3rd period - Icing by Aleksander Barkov.
11:38 of 3rd period - Evgeni Malkin wins face-off versus Aleksander Barkov in COLUMBUS zone.
11:42 of 3rd period - Evgeni Malkin is hit by John Carlson and loses puck.
11:48 of 3rd period - John Carlson is hit by Evgeni Malkin and loses puck.
12:46 of 3rd period - Minor Penalty to Adrian Kempe for High sticking.
12:47 of 3rd period - Jean-Gabriel Pageau wins face-off versus Claude Giroux in ARIZONA zone.
12:59 of 3rd period - Off-side.
13:00 of 3rd period - Tom Wilson wins face-off versus Jean-Gabriel Pageau in neutral zone.
13:17 of 3rd period - Shot by Claude Giroux.
13:17 of 3rd period - Deflect By Tom Wilson.
13:17 of 3rd period - Goal by Tom Wilson - COLUMBUS : 5 - ARIZONA : 2.
13:18 of 3rd period - Aleksander Barkov wins face-off versus Mikael Backlund in neutral zone.
13:45 of 3rd period - Shot by Steven Stamkos.
13:45 of 3rd period - Shot Misses the Net.
13:47 of 3rd period - Shot by Lars Eller.
13:47 of 3rd period - Shot Blocked by Thomas Chabot.
13:51 of 3rd period - Shot by Steven Stamkos.
13:51 of 3rd period - Stopped by Alexandar Georgiev without a rebound.
13:52 of 3rd period - Evgeni Malkin wins face-off versus Tom Wilson in ARIZONA zone.
14:03 of 3rd period - Roman Polak is hit by Tom Wilson and loses puck.
15:07 of 3rd period - Shot by Conor Sheary.
15:07 of 3rd period - Stopped by Mikko Koskinen without a rebound.
15:08 of 3rd period - Mikael Backlund wins face-off versus Paul Stastny in COLUMBUS zone.
15:08 of 3rd period - Justin Faulk is hit by John Carlson and loses puck.
15:28 of 3rd period - Shot by Mikael Backlund.
15:28 of 3rd period - Shot Misses the Net.
15:32 of 3rd period - Shot by Mikael Backlund.
15:32 of 3rd period - Shot Misses the Net.
15:42 of 3rd period - Shot by Zack Kassian.
15:42 of 3rd period - Deflect By Adrian Kempe.
15:42 of 3rd period - Shot Misses the Net.
15:44 of 3rd period - Shot by Thomas Chabot.
15:44 of 3rd period - Stopped by Mikko Koskinen without a rebound.
15:45 of 3rd period - Jean-Gabriel Pageau wins face-off versus Lars Eller in COLUMBUS zone.
15:52 of 3rd period - Shot by Conor Sheary.
15:52 of 3rd period - Shot Misses the Net.
16:20 of 3rd period - Shot by Lars Eller.
16:20 of 3rd period - Shot Misses the Net.
16:43 of 3rd period - Shot by Jacob Trouba.
16:43 of 3rd period - Stopped by Alexandar Georgiev without a rebound.
16:44 of 3rd period - Claude Giroux wins face-off versus Evgeni Malkin in ARIZONA zone.
16:44 of 3rd period - Tom Wilson is hit by Thomas Chabot.
16:45 of 3rd period - Minor Penalty to Tom Wilson for Slashing.
16:46 of 3rd period - Lars Eller wins face-off versus Evgeni Malkin in COLUMBUS zone.
18:33 of 3rd period - Shot by Bryan Little.
18:33 of 3rd period - Stopped by Mikko Koskinen without a rebound.
18:34 of 3rd period - Lars Eller wins face-off versus Mikael Backlund in COLUMBUS zone.
18:43 of 3rd period - Shot by Mikael Backlund.
18:43 of 3rd period - Deflect By Zack Kassian.
18:43 of 3rd period - Stopped by Mikko Koskinen without a rebound.
18:44 of 3rd period - Lars Eller wins face-off versus Evgeni Malkin in COLUMBUS zone.
18:51 of 3rd period - Joel Eriksson Ek is hit by Derek Grant and loses puck.
Goals for this period are 1 for COLUMBUS vs 0 for ARIZONA.
Shots for this period are 10 for COLUMBUS vs 8 for ARIZONA.